 Dungeon Crawl Stone Soup version 0.23.0-3-gf3c87f2df8 (webtiles) character file.

Game seed: 13718891661615338426

23 EnegeticOcto the Skirmisher (level 2, -14/26 HPs)
             Began as a Minotaur Summoner on Feb 24, 2019.
             Killed from afar by a goblin (19 damage)
             ... with an exploding inner flame
             ... hexed by the player character
             ... on level 2 of the Dungeon.
             The game lasted 00:01:29 (1046 turns).

EnegeticOcto the Skirmisher (Minotaur Summoner)     Turns: 1046, Time: 00:01:30

Health: -14/26     AC: 10    Str: 12    XL:     2   Next: 72%
Magic:  3/3        EV:  5    Int: 12    God:
Gold:   39         SH:  0    Dex: 10    Spells: 2/3 levels left

rFire    . . .     SeeInvis .   d - +0 short sword
rCold    . . .     Gourm    .   (no shield)
rNeg     . . .     Faith    .   q - +0 chain mail {MR+}
rPois    .         Spirit   .   (helmet restricted)
rElec    .         Reflect  .   (no cloak)
rCorr    .         Harm     .   b - +1 pair of gloves
MR       +....                  (no boots)
Stlth    ..........             (no amulet)
HPRegen  0.08/turn              (no ring)
MPRegen  0.08/turn              (no ring)

@: no status effects
A: retaliatory headbutt, horns 2
a: no special abilities


You were on level 2 of the Dungeon.
You were not hungry.

You visited 1 branch of the dungeon, and saw 2 of its levels.

You collected 39 gold pieces.

Inventory:

Hand Weapons
 a - a +2 dagger of draining
 d - a +0 short sword (weapon)
Missiles
 l - 7 tomahawks (quivered)
Armour
 b - a +1 pair of gloves (worn)
 q - a +0 chain mail of magic resistance (worn)
Scrolls
 e - 2 scrolls of identify
 i - 3 scrolls of amnesia {unknown}
 m - a scroll of fear {unknown}
 n - a scroll of teleportation {unknown}
Potions
 g - a potion of might {unknown}
Comestibles
 c - a ration


   Skills:
 + Level 3.0 Fighting
 - Level 2.1 Dodging
 - Level 1.5 Stealth
 - Level 1.3 Spellcasting
 - Level 2.9 Summonings


You had 2 spell levels left.
You knew the following spells:

 Your Spells              Type           Power        Failure   Level  Hunger
a - Summon Small Mammal   Summ           #...         99%         1    ##.....

Your spell library contained the following spells:

 Spells                   Type           Power        Failure   Level  Hunger
 Call Imp                 Summ           #.......     100%        2    ###....
 Call Canine Familiar     Summ           #.......     100%        3    ####...
 Summon Guardian Golem    Hex/Summ       #.......     100%        3    ####...
 Summon Ice Beast         Ice/Summ       #.......     100%        4    #####..
 Summon Lightning Spire   Summ/Air       #.......     100%        4    #####..


Dungeon Overview and Level Annotations

Branches:
Dungeon (2/15)

Altars:


Innate Abilities, Weirdness & Mutations

You reflexively headbutt those who attack you in melee.
You have a pair of horns on your head.


Message History

The jackal bites you but does no damage.
The goblin hits you but does no damage.
As you read the scroll labeled GALA ZAYGENK, it crumbles to dust.
The creatures around you are filled with an inner flame!
It was a scroll of immolation.
The jackal bites you but does no damage. x2
The jackal barely misses you. The goblin hits you but does no damage.
The jackal barely misses you. You furiously retaliate!
You headbutt the jackal!
The jackal explodes!
The fiery explosion engulfs the hobgoblin!
The hobgoblin explodes!
The fiery explosion engulfs the worm!!
The worm explodes!
The fiery explosion engulfs the kobold!!
The kobold explodes!
The fiery explosion engulfs the goblin!!
The goblin explodes!
The fiery explosion engulfs you!!
Ouch! That really hurt!
You die...

....g......##
............#########
.#......##..####...###
....###.<#..###.[.(###
..# ####..###....### .
#§§##..#...#.
##§§#§§##.!..
##§§hh###...
##§@§###.. ######


You could see 2 jackals.

Vanquished Creatures
  2 dart slugs (D:1)
  3 bats (D:1)
  4 hobgoblins (D:1)
  4 kobolds (D:1)
  A frilled lizard (D:1)
  3 rats (D:1)
17 creatures vanquished.

Notes
Turn   | Place    | Note
-------+----------+-------------------------------------------
     0 | D:1      | EnegeticOcto the Minotaur Summoner began the quest for the
                  | Orb.
     0 | D:1      | Reached XP level 1. HP: 14/14 MP: 1/1
    20 | D:1      | Reached skill level 1 in Fighting
    69 | D:1      | Reached skill level 2 in Fighting
   139 | D:1      | Reached XP level 2. HP: 24/24 MP: 3/3
   728 | D:1      | Reached skill level 3 in Fighting
  1046 | D:2      | Killed from afar by a goblin

Skill      XL: |  1  2 |
---------------+-------+-----
Fighting       | 2 3 |  3.0
Dodging        | |  2.1
Stealth        | |  1.5
Spellcasting   | |  1.3
Summonings     | |  2.9

Action                   || total
-------------------------++-------
Melee: Short sword       ||    38
       Headbutt          ||     6
       Unarmed           ||     3
  Use: Scroll            ||     4
       Potion            ||     4
 Stab: Sleeping          ||     2
Armor: Robe              ||     6
       Chain mail        ||    20
Dodge: Dodged            ||    27
